 Dungeon Crawl Stone Soup version 0.21.1-68-g103a7afc0a (webtiles) character file.

564983 Kirk the Slayer (level 27, -6/250 HPs)
             Began as a Formicid Earth Elementalist on Aug 2, 2018.
             Was the Champion of Okawaru.
             Killed by divine providence
             ... invoked by a greater mummy
              (13 damage)
             ... on level 12 of a ziggurat on Aug 3, 2018.
             The game lasted 04:52:34 (61069 turns).

Kirk the Slayer (Formicid Earth Elementalist)      Turns: 61069, Time: 04:52:35

Health: -6/250     AC: 30    Str: 28      XL:     27
Magic:  34/41      EV: 18    Int: 33 (37) God:    Okawaru [******]
Gold:   4778       SH: 32    Dex: 13      Spells: 23/54 levels left

rFire    + + +     SeeInvis +   O - +10 battleaxe of Seurphida {vamp, rF+ Int+2 Dex+2}
rCold    + . .     Gourm    .   W - +8 large shield {rN+}
rNeg     + . .     Faith    .   Z - +6 chain mail of Jionk {Regen+}
rPois    .         Spirit   .   (helmet unavailable)
rElec    +         Reflect  +   K - +2 cloak
rCorr    .         Harm     .   Y - +2 pair of gloves of Pan-Flutes {MR+}
MR       +++++                  X - +0 pair of boots of Light {*Drain rElec rF+ Str+3}
Stlth    ..........             C - amulet "Juat" {Reflect -Tele MR+ Str+5 SH+3}
HPRegen  1.91/turn              o - ring of Altruism {rF+ MR+ Int+5 Slay+3}
MPRegen  0.27/turn              T - ring of Pragmatism {rC+ EV+6}

@: mighty, lethally poisoned (-6 -> -6), finesse, regenerating (expiring),
studying Dodging
A: permanent stasis, dig shafts and tunnels, four strong arms, antennae 3,
repulsion field 1, rugged brown scales 1, blurry vision 1, clever 1, strong 1,
subdued magic 1
}: 2/15 runes: barnacled, gossamer
a: Dig, Shaft Self, Heroism, Finesse, Renounce Religion


You were on level 12 of a ziggurat.
You worshipped Okawaru.
Okawaru was exalted by your worship.
You were not hungry.

You visited 10 branches of the dungeon, and saw 47 of its levels.
You visited the Abyss 1 time.
You visited 1 ziggurat, and saw 12 of its levels.
You also visited: Sewer, Ossuary, Ice Cave and Wizlab.

You collected 7205 gold pieces.
You spent 2427 gold pieces at shops.

Inventory:

Hand Weapons
 a - a +9 executioner's axe of freezing
 O - the +10 battleaxe of Seurphida (weapon) {vamp, rF+ Int+2 Dex+2}
   (Okawaru gifted it to you on level 14 of the Dungeon)

   It inflicts no extra harm, but heals its wielder when it wounds a living foe.
   It affects your intelligence (+2).
   It affects your dexterity (+2).
   It protects you from fire.
 Q - the +3 Elemental Staff {rElec rF++ rC++ MR++ AC+5}
   (You found it on level 11 of the Dungeon)

   It affects your AC (+5).
   It greatly protects you from fire.
   It greatly protects you from cold.
   It insulates you from electricity.
   It affects your resistance to hostile enchantments.
Missiles
 G - 8 throwing nets (quivered)
Armour
 b - the +8 crystal plate armour "Fiaby" {Str+4}
   (Okawaru gifted it to you on level 2 of the Vaults)

   It affects your strength (+4).
 u - a scarf of resistance
 K - a +2 cloak (worn)
 W - a +8 large shield of positive energy (worn)
 X - the +0 pair of boots of Light (worn) {*Drain rElec rF+ Str+3}
   (Okawaru gifted it to you on level 2 of the Elven Halls)

   It affects your strength (+3).
   It protects you from fire.
   It insulates you from electricity.
   It causes draining when unequipped.
 Y - the +2 pair of gloves of Pan-Flutes (worn) {MR+}
   (Okawaru gifted it to you on level 3 of the Spider Nest)

   It affects your resistance to hostile enchantments.
 Z - the +6 chain mail of Jionk (worn) {Regen+}
   (You found it on level 2 of the Abyss)

   It increases your rate of regeneration.
Jewellery
 e - the ring "Souwkaig" {rPois rF+ rC+ Str-3 Dex+5}
   (You found it on level 11 of a ziggurat)

   [ring of protection from fire]

   It affects your strength (-3).
   It affects your dexterity (+5).
   It protects you from fire.
   It protects you from cold.
   It protects you from poison.
 h - the amulet "Utumunun" {RegenMP MR+ Int+3}
   (You bought it in a shop on level 2 of the Orcish Mines)

   [amulet of magic regeneration]

   It increases your magic regeneration.
   It affects your intelligence (+3).
   It affects your resistance to hostile enchantments.
 i - the ring "Mowko" {Ice rN+ Str+4 Int-3 Slay+2}
   (You found it in a wizard's laboratory)

   [ring of ice]

   It enhances your ice magic.
   It affects your strength (+4).
   It affects your intelligence (-3).
   It affects your accuracy and damage with ranged weapons and melee attacks
   (+2).
   It makes you vulnerable to fire.
   It protects you from cold.
   It protects you from negative energy.
 k - an uncursed ring of resist corrosion
 o - the ring of Altruism (left hand) {rF+ MR+ Int+5 Slay+3}
   (You took it off a deep elf demonologist on level 3 of the Elven Halls)

   [ring of protection from fire]

   It affects your intelligence (+5).
   It affects your accuracy and damage with ranged weapons and melee attacks
   (+3).
   It protects you from fire.
   It affects your resistance to hostile enchantments.
 y - an uncursed amulet of regeneration
 C - the amulet "Juat" (around neck) {Reflect -Tele MR+ Str+5 SH+3}
   (You found it on level 3 of the Crypt)

   [amulet of reflection]

   It shields you and reflects attacks.
   It affects your strength (+5).
   It affects your resistance to hostile enchantments.
   It prevents most forms of teleportation.
   It affects your SH (+3).
 S - the amulet "Vomaines" {rN+ MR- Regen+ Slay+3}
   (You found it on level 3 of the Crypt)

   [amulet of regeneration]

   It affects your accuracy and damage with ranged weapons and melee attacks
   (+3).
   It protects you from negative energy.
   It affects your resistance to hostile enchantments.
   It increases your rate of regeneration.
 T - the ring of Pragmatism (right hand) {rC+ EV+6}
   (You acquired it on level 3 of the Depths)

   [ring of evasion]

   It affects your evasion (+6).
   It protects you from cold.
Wands
 c - a wand of disintegration (53)
 g - a wand of scattershot (12)
 A - a wand of clouds (6)
 F - a wand of acid (11)
 N - a wand of digging (69)
Scrolls
 f - 10 scrolls of fear
 l - 3 scrolls of enchant weapon
 p - a scroll of identify
 r - 4 scrolls of holy word
 s - 18 scrolls of remove curse
 v - 7 scrolls of summoning
 z - 11 scrolls of amnesia
 H - 5 scrolls of fog
 J - 3 scrolls of magic mapping
 R - 3 scrolls of silence
 V - 2 scrolls of enchant armour
Potions
 m - 3 potions of flight
 n - 22 potions of curing
 q - 18 potions of mutation
 t - 7 potions of brilliance
 x - 4 potions of agility
 D - 2 potions of resistance
 I - 2 potions of magic
 L - 2 potions of might
 M - 2 potions of invisibility
 U - 7 potions of ambrosia
Books
 j - a manual of Dodging
 B - the Disquisition on Bewitching Summoning
   (You found it on level 9 of a ziggurat)

   Spells                             Type                      Level
   a - Confusing Touch                Hexes                        1
   b - Summon Butterflies             Summoning                    1
   c - Confuse                        Hexes                        3
   d - Inner Flame                    Hexes/Fire                   3
   e - Call Canine Familiar           Summoning                    3
   f - Cause Fear                     Hexes                        4
   g - Metabolic Englaciation         Hexes/Ice                    5
Miscellaneous
 P - 4 phantom mirrors
Comestibles
 d - 74 rations


   Skills:
 + Level 25.6 Fighting
 + Level 24.4 Axes
 - Level 17.0 Armour
 - Level 2.4 Dodging
 - Level 2.4 Stealth
 - Level 15.0 Shields
 - Level 14.2 Spellcasting
 - Level 5.2 Hexes
 - Level 10.2 Charms
 - Level 2.2 Necromancy
 - Level 7.0 Translocations
 - Level 1.1 Transmutations
 - Level 13.1 Earth Magic
 - Level 13.0 Invocations


You had 23 spell levels left.
You knew the following spells:

 Your Spells              Type           Power        Failure   Level  Hunger
a - Sandblast             Erth           ######       0%          1    None
b - Passwall              Tmut/Erth      ######....   1%          2    None
c - Stone Arrow           Conj/Erth      ######       1%          3    None
d - Lee's Rapid Deconstr  Erth           ######....   1%          5    None
e - Petrify               Tmut/Erth      ######..     2%          4    None
f - Confuse               Hex            #####...     1%          3    None
g - Lesser Beckoning      Tloc           ######....   1%          3    None
h - Song of Slaying       Chrm           ######..     1%          2    None
i - Passage of Golubria   Tloc           N/A          2%          4    None
j - Apportation           Tloc           ######       1%          1    None
k - Regeneration          Chrm/Necr      #####.....   1%          3    None


Dungeon Overview and Level Annotations

Branches:
Dungeon (15/15)            Temple (1/1) D:7            Lair (6/6) D:10
 Shoals (4/4) Lair:4       Spider (4/4) Lair:4        Slime (0/5) Lair:6
    Orc (2/2) D:9             Elf (3/3) Orc:2        Vaults (4/5) D:13
  Crypt (3/3) Vaults:2       Tomb (0/3) Crypt:3      Depths (5/5) D:15
    Zot (0/5) Depths:5

Altars:
Ashenzari
Cheibriados
Dithmenos
Elyvilon
Fedhas
Gozag
Hepliaklqana
Kikubaaqudgha
Makhleb
Nemelex Xobeh
Okawaru
Qazlal
Ru
Sif Muna
Trog
Uskayaw
Vehumet
Wu Jian
Xom
Yredelemnul
Zin
The Shining One
Beogh

Shops:
D:7 (   D:8 *   D:11 [   D:12 *   D:14 [%*   Orc:1 *   Orc:2 (=*[   Elf:1 %
Elf:3 :   Vaults:3 ?   Vaults:4 *

Portals:
Hell: Depths:1 Depths:2 Depths:3 Depths:4 Depths:5
Abyss: Depths:2 Depths:4
Pandemonium: Depths:3

Annotations:
D:11 exclusion: 2 oklob plants
Lair:1 exclusion: oklob plant
Lair:4 exclusion: oklob plant
Lair:5 hrogart's ghost, journeyman MiBe
Lair:6 exclusion: oklob plant
Shoals:4 exclusion: Roxanne, Roxanne
Elf:2 3 runed doors
Crypt:3 exclusion: door


Innate Abilities, Weirdness & Mutations

You cannot be hasted, slowed, berserked, paralysed or teleported.
You can dig through walls and to a lower floor.
Your four strong arms can wield two-handed weapons with a shield.
You have a pair of large antennae on your head. (SInv)
You are surrounded by a mild repulsion field. (EV +2)
You are partially covered in rugged brown scales. (AC +1, +3% HP)
Scrolls take you a little longer to read.
Your mind is acute. (Int +2)
Your muscles are strong. (Str +2)
Your spells are a little easier to cast, but a little less powerful.


Message History

You destroy the jiangshi!
You slash the flying skull! You slice the flying skull!!
You destroy the flying skull!
You feel sick. The death scarab bites you!
* * * LOW HITPOINT WARNING * * *
The death scarab drains your vigour!
Your stasis prevents you from being slowed.
The death scarab draws strength from your injuries!
You block the spriggan defender skeleton's attack.
You closely miss the death scarab. You slice the greater mummy!!
You slice the spriggan defender skeleton!!
You slice the mummy!!
You destroy the mummy!
You closely miss the flying skull. You block the death scarab's attack.
You block the flying skull's attack.
The mummy priest prays to its god.
The greater mummy hits you but does no damage.
The greater mummy points at you and mumbles some strange words.
Something smites you!
You die...

▓▓▓▓▓▓▓▓▓▓▓
▓▓WMM8ss...▓▓
▓▓Z@ssM4s....▓▓
▓MWz.z3V.3....▓▓
▓WZMW##MZs##....▓▓
▓VZZMZ##s.M##.....▓▓
▓∩)z4Z.ZMMZn........▓▓
▓[>[:!...Z..4..§....∩.▓
▓▓∩[)(.........§§§§..▓▓
▓▓%!|..##...##§§§..▓▓
▓▓?...##...##§§§.▓▓


You could see 4 greater mummies, 6 emperor scorpions, 2 mummy priests, a
jiangshi, a shadow wraith (invisible), a guardian mummy, an ushabti, a freezing
wraith, 2 sixfirhies, 3 chaos spawn, a vampire, a wraith, a death scarab, a
necrophage, a shadow, 3 flying skulls, 3 mummies, a deep elf death mage
simulacrum, 2 fire giant simulacra, a shadow dragon zombie, a storm dragon
zombie, a sphinx zombie, a tengu reaver zombie, a storm dragon skeleton, a
spriggan defender skeleton and a titan skeleton.

Vanquished Creatures
  5 ancient liches
  The ghost of Kirk the Fencer, a veteran GnWn of Okawaru (Crypt:2)
  Boris (Vaults:2)
  Bai Suzhen (Shoals:4)
  Frederick (Crypt:3)
  A caustic shrike (Zig:7)
  Saint Roka (Vaults:3)
  Nikola (Depths:2)
  A golden dragon (Depths:4)
  A golden dragon (shapeshifter) (Depths:4)
  A mutant beast (WizLab)
  2 bone dragons
  2 hellephants (Zig:8)
  Jorgrun (Spider:3)
  A tentacled monstrosity (Depths:4)
  4 liches
  A shard shrike skeleton (Crypt:1)
  2 titans
  2 deep elf blademasters (Elf:3)
  2 deep elf master archers (Elf:3)
  3 tentacled starspawn (Abyss:2)
  A kraken (Shoals:4)
  Polyphemus (Shoals:3)
  An ancient champion (Crypt:1)
  8 sphinxes
  3 tengu reavers
  2 storm dragons (Depths:5)
  4 shadow dragons
  Donald (Vaults:1)
  Ilsuiw (Shoals:4)
  A draconian monk (Depths:5)
  4 revenants
  10 fire giants
  12 frost giants
  2 iron dragons
  4 deep elf sorcerers
  7 emperor scorpions
  10 ghost moths
  A juggernaut zombie (Depths:1)
  9 vault wardens
  An orc warlord (Orc:2)
  An angel (Depths:5)
  3 deep elf elementalists (Elf:3)
  A curse skull (Depths:1)
  3 draconian shifters
  A ghoul (Crypt:1)
  12 ironheart preservers
  A draconian stormcaller (Depths:5)
  27 very ugly things
  A caustic shrike skeleton (Depths:1)
  29 stone giants
  5 spriggan defenders
  4 war gargoyles
  A reaper (Zig:5)
  A green draconian (Depths:5)
  6 entropy weavers
  The ghost of Fascinator the Archer, a journeyman CeHu of Okawaru (Lair:3)
  Azrael (Spider:2)
  15 deep elf demonologists
  10 vampire knights
  3 yellow draconians (Depths:5)
  2 dire elephants
  8 deep elf annihilators
  The ghost of Kirk the Cleaver, a journeyman FoEE of Okawaru (Lair:3)
  9 spark wasps
  10 deep elf death magi
  2 eidola
  The ghost of NoAnimeNoLife the Markscentaur, a journeyman CeHu of Okawaru (D:11)
  15 yaktaur captains
  2 crystal guardians
  3 merfolk javelineers
  12 fire dragons
  4 deep elf high priests
  5 ettins
  8 merfolk impalers
  15 ogre magi
  7 vault guards
  9 jiangshi
  11 great orbs of eyes
  5 rakshasas
  A caustic shrike simulacrum (Depths:1)
  Fannar (Lair:3)
  A ghost crab (Zig:3)
  A monstrous demonspawn (Depths:3)
  14 hydras
  10 ice dragons
  11 centaur warriors
  7 merfolk avatars
  2 anacondas (shapeshifter)
  An alligator (Shoals:4)
  2 catoblepae
  2 spriggan air magi
  A death scarab (Zig:12)
  3 death knights
  34 two-headed ogres
  6 merfolk aquamancers
  2 death yaks (Shoals:3)
  A satyr (shapeshifter) (Zig:11)
  A queen ant (Spider:1)
  5 satyrs
  An alligator snapping turtle (Shoals:4)
  11 dancing weapons
  A thrashing horror (Abyss:2)
  2 tengu warriors
  7 deep troll shamans
  20 deep troll earth magi
  Urug (Lair:2)
  A titan zombie (Depths:4)
  4 orc high priests
  22 deep elf knights
  8 spriggan berserkers
  6 vampire magi
  9 soul eaters
  An iron golem (WizLab)
  24 skeletal warriors
  2 wretched stars (Abyss:2)
  An iron troll (Depths:4)
  3 shadow wraiths
  A storm dragon skeleton (Crypt:3)
  A titan skeleton (Crypt:3)
  19 hell knights
  A salamander mystic (Depths:5)
  2 unseen horrors
  3 glowing orange brains
  10 sea snakes
  2 sixfirhies
  5 flayed ghosts
  35 deep trolls
  A deep troll (shapeshifter) (WizLab)
  7 wizards
  An obsidian statue (Zig:10)
  4 swamp dragons
  4 harpies (shapeshifter)
  An anaconda skeleton (Crypt:3)
  22 orc knights
  14 deep elf archers
  12 ironbrand convokers
  A golden dragon skeleton (Depths:4)
  22 harpies
  61 deep elf magi
  26 orb spiders
  14 phantasmal warriors
  An orb spider (shapeshifter) (Vaults:1)
  12 necromancers
  A shining eye (shapeshifter) (Zig:4)
  A frost giant zombie (Crypt:1)
  2 wolf spider zombies
  A shadow dragon skeleton (Crypt:3)
  7 orc sorcerers
  45 ugly things
  26 wolf spiders
  13 manticores
  A shining eye (Zig:2)
  6 cyclopes
  2 moths of wrath
  3 salamanders (Depths:5)
  2 cyclopes (shapeshifter) (WizLab)
  An elephant (shapeshifter) (Depths:4)
  2 salamanders (shapeshifter)
  17 fauns
  2 moths of wrath (shapeshifter)
  An apocalypse crab (Zig:1)
  4 oklob plants (Zig:7)
  A dire elephant zombie (Crypt:1)
  A fire giant zombie (Depths:4)
  3 elephants
  8 torpor snails
  5 black mambas
  An ice statue (IceCv)
  2 rust devils (Depths:3)
  A naga mage (D:15)
  16 vault sentinels
  12 merfolk sirens
  20 spiny frogs
  9 fire giant skeletons
  5 water nymphs
  A grey draconian zombie (Crypt:2)
  3 black mambas (shapeshifter)
  A hellion (Depths:3)
  6 rime drakes (Lair:6)
  14 demonic crawlers
  16 komodo dragons
  56 yaktaurs
  A yaktaur zombie (Vaults:2)
  3 efreet
  7 gargoyles
  A kobold demonologist (D:12)
  2 tengu conjurers (D:13)
  A spark wasp simulacrum (Depths:4)
  4 red devils (D:12)
  5 guardian mummies
  An ancient zyme (Abyss:2)
  An ice devil (Depths:3)
  A grey draconian skeleton (Crypt:1)
  10 freezing wraiths
  2 trolls (shapeshifter) (WizLab)
  36 jumping spiders
  A silent spectre (Depths:2)
  15 merfolk
  A queen bee (shapeshifter) (WizLab)
  9 trolls
  2 meliai (shapeshifter)
  A queen bee (D:14)
  6 wind drakes (shapeshifter)
  4 hornets (shapeshifter) (WizLab)
  A jumping spider (shapeshifter) (WizLab)
  15 hornets
  14 polar bears
  3 meliai (D:14)
  2 blink frogs (shapeshifter)
  A hydra skeleton (Crypt:3)
  6 wind drakes
  A hippogriff (shapeshifter) (Vaults:3)
  A tyrant leech (Zig:6)
  16 hippogriffs
  Prince Ribbit (D:6)
  A bog body (Zig:3)
  A snapping turtle (shapeshifter) (Depths:3)
  A fire giant simulacrum (Vaults:2)
  27 slime creatures
  24 blink frogs
  11 snapping turtles
  An ice dragon zombie (Depths:1)
  9 dream sheep
  A frost giant simulacrum (Depths:1)
  A redback (shapeshifter) (Zig:11)
  2 alligator skeletons (Crypt:3)
  2 spriggans (shapeshifter) (WizLab)
  3 shadows (Crypt:3)
  5 wyverns
  9 fire dragon skeletons (Crypt:3)
  9 flying skulls
  2 ynoxinuls (Abyss:2)
  58 redbacks
  5 spriggans
  6 air elementals
  2 tarantellas (shapeshifter)
  A wyvern (shapeshifter) (WizLab)
  41 yaks
  4 fire elementals
  26 tarantellas
  2 hogs (shapeshifter) (WizLab)
  A yak (shapeshifter) (WizLab)
  7 wraiths
  3 black mamba skeletons
  Grum (Lair:1)
  7 basilisks
  15 water elementals
  3 vampire mosquitoes
  11 small abominations
  3 human simulacra
  A golden eye (shapeshifter) (Zig:11)
  A chaos spawn (Abyss:2)
  8 hungry ghosts
  A gelid demonspawn zombie (Crypt:1)
  4 wargs
  2 acid dragons
  19 soldier ants (Spider:1)
  10 water moccasins
  3 hell hounds (Spider:2)
  2 soldier ants (shapeshifter)
  A porcupine (shapeshifter) (Depths:3)
  5 porcupines
  4 floating eyes (WizLab)
  9 large abominations
  2 floating eyes (shapeshifter)
  48 orc warriors
  3 sky beasts
  2 black bears
  2 ice beasts
  3 phantoms
  A necrophage (D:10)
  42 ogres
  A boggart (shapeshifter) (Vaults:3)
  3 eyes of draining
  16 wolves
  2 eyes of draining (shapeshifter) (WizLab)
  8 boggarts
  16 centaurs
  A dream sheep skeleton (Crypt:2)
  A snapping turtle skeleton (Crypt:3)
  14 crocodiles
  A crocodile (shapeshifter) (WizLab)
  3 human zombies
  5 big kobolds
  14 bullfrogs
  A deep troll simulacrum (Vaults:2)
  4 earth elementals (Elf:1)
  A salamander skeleton (Crypt:2)
  2 wyvern skeletons
  33 killer bees
  3 scorpions
  6 wights
  4 crimson imps
  7 starcursed masses (Abyss:2)
  6 jellies
  A quasit (Depths:3)
  25 orc priests
  6 centaur skeletons
  8 hounds
  4 bullfrog zombies
  2 iron imps
  26 orc wizards
  A black bear skeleton (Crypt:2)
  4 human skeletons (Crypt:1)
  7 iguanas
  23 worker ants
  A bullfrog simulacrum (D:11)
  An acid dragon skeleton (Crypt:2)
  2 hound zombies
  17 mummies
  7 gnolls
  8 adders
  5 shadow imps
  15 white imps
  An ufetubus (Depths:3)
  2 oozes (Lair:6)
  An adder zombie (Ossuary)
  An iguana zombie (Crypt:2)
  4 dart slugs
  5 leopard geckos
  118 orcs
  4 ball pythons (Sewer)
  7 bats
  3 giant cockroaches
  9 goblins
  5 hobgoblins
  2 jackals (D:4)
  5 quokkas
  2 ball python skeletons (Ossuary)
  9 frilled lizards
  A hobgoblin skeleton (Ossuary)
  2 hobgoblin zombies (Ossuary)
  A jackal skeleton (D:4)
  A jackal zombie (Crypt:1)
  35 kobolds
  A kobold skeleton (Crypt:3)
  A kobold zombie (Ossuary)
  3 orc zombies (Ossuary)
  4 rats
  2 crawling corpses (Elf:3)
  6 fungi
  14 plants
  5 starspawn tentacles (Abyss:2)
  4 tentacles (Shoals:4)
  3 withered plants (Crypt:3)
2432 creatures vanquished.

Vanquished Creatures (others)
  A deep elf annihilator (Depths:2)
  An ogre mage (Depths:4)
  A spriggan air mage (Depths:4)
  2 deep elf magi
  An orb spider (Zig:10)
  A wolf spider (Spider:4)
  A jumping spider (Spider:4)
  A redback (Spider:4)
  A yak (Lair:6)
  A human (Depths:2)
  3 bushes (D:14)
  29 fungi
  40 plants
  8 starspawn tentacles (Abyss:2)
  10 tentacles (Shoals:4)
101 creatures vanquished.

Grand Total: 2533 creatures vanquished

Notes
Turn   | Place    | Note
-------+----------+-------------------------------------------
     0 | D:1      | Kirk the Formicid Earth Elementalist began the quest for the Orb.
     0 | D:1      | Reached XP level 1. HP: 13/13 MP: 3/3
   180 | D:1      | Reached XP level 2. HP: 19/19 MP: 1/5
   643 | D:1      | Reached XP level 3. HP: 21/24 MP: 3/6
  1023 | D:2      | Reached XP level 4. HP: 30/30 MP: 6/8
  1392 | D:3      | Learned a level 2 spell: Passwall
  1396 | D:3      | Learned a level 3 spell: Stone Arrow
  1477 | D:3      | Reached skill level 5 in Earth Magic
  1669 | D:3      | Found a glowing drain.
  1673 | Sewer    | Entered a sewer
  2070 | Sewer    | Noticed a big kobold
  2070 | Sewer    | Noticed a big kobold
  2099 | Sewer    | Killed a big kobold
  2099 | Sewer    | Reached XP level 5. HP: 31/35 MP: 4/11
  2102 | Sewer    | Killed a big kobold
  2102 | Sewer    | Reached XP level 6. HP: 37/41 MP: 1/12
  2924 | D:4      | Found a sand-covered staircase.
  2933 | Ossuary  | Entered an ossuary
  3060 | Ossuary  | Reached skill level 5 in Spellcasting
  3115 | Ossuary  | Noticed a flying skull
  3115 | Ossuary  | Noticed a wraith
  3185 | Ossuary  | Noticed a wraith
  3215 | Ossuary  | Reached XP level 7. HP: 32/46 MP: 8/14
  3254 | Ossuary  | Noticed a flying skull
  4097 | D:5      | Entered Level 5 of the Dungeon
  4368 | D:5      | Reached XP level 8. HP: 50/52 MP: 6/17
  4396 | D:5      | Found a radiant altar of Vehumet.
  4514 | D:5      | Learned a level 5 spell: Lee's Rapid Deconstruction
  4519 | D:5      | Learned a level 4 spell: Petrify
  4573 | D:5      | Found a sparkling altar of Nemelex Xobeh.
  4780 | D:6      | Reached skill level 1 in Axes
  5233 | D:6      | Noticed Prince Ribbit
  5265 | D:6      | Killed Prince Ribbit
  5318 | D:6      | Reached skill level 5 in Axes
  5425 | D:6      | Reached XP level 9. HP: 57/57 MP: 0/19
  5941 | D:7      | Found Hereont's Antique Weapon Shop.
  5962 | D:7      | Bought a runed war axe for 117 gold pieces
  5962 | D:7      | Bought a glowing war axe for 117 gold pieces
  6435 | D:7      | Noticed a two-headed ogre
  6443 | D:7      | Killed a two-headed ogre
  6501 | D:7      | Found a staircase to the Ecumenical Temple.
  6501 | D:7      | Noticed a hippogriff
  6511 | D:7      | Killed a hippogriff
  6511 | D:7      | Reached skill level 10 in Earth Magic
  6511 | D:7      | Reached XP level 10. HP: 60/63 MP: 6/22
  6619 | Temple   | Entered the Ecumenical Temple
  6776 | Temple   | Became a worshipper of Warmaster Okawaru
  7351 | D:8      | Found Ehaex's Changing Room.
  7366 | D:8      | Noticed a two-headed ogre
  7382 | D:8      | Killed a two-headed ogre
  7382 | D:8      | Reached * piety under Okawaru
  7382 | D:8      | Reached skill level 10 in Spellcasting
  7581 | D:8      | Found an opulent altar of Gozag.
  7677 | D:8      | Reached ** piety under Okawaru
  7757 | D:8      | Found a radiant altar of Vehumet.
  7758 | D:8      | Found a glowing golden altar of the Shining One.
  7765 | D:8      | Found a basalt altar of Yredelemnul.
  8355 | D:9      | You fall through a shaft for 2 floors!
  8355 | D:11     | Noticed a two-headed ogre
  8525 | D:11     | Killed a two-headed ogre
  8525 | D:11     | Reached XP level 11. HP: 68/68 MP: 14/26
  8623 | D:11     | Found a blossoming altar of Fedhas.
  8625 | D:11     | Noticed an oklob plant
  8625 | D:11     | Noticed an oklob plant
  8677 | D:10     | Entered Level 10 of the Dungeon
  9047 | D:9      | Found a staircase to the Orcish Mines.
  9477 | D:9      | Reached *** piety under Okawaru
  9612 | D:7      | Bought a glowing battleaxe for 171 gold pieces
 10139 | D:10     | Found a staircase to the Lair.
 10494 | D:10     | Reached skill level 1 in Shields
 10531 | D:10     | Reached **** piety under Okawaru
 10633 | D:10     | Noticed a fire giant
 10638 | D:10     | Noticed a tengu warrior
 10742 | D:10     | Noticed an unseen horror
 10757 | D:10     | Noticed a two-headed ogre
 10768 | D:10     | Killed a two-headed ogre
 11009 | D:11     | Reached skill level 1 in Fighting
 11061 | D:11     | Noticed NoAnimeNoLife's ghost (journeyman CeHu)
 11136 | D:11     | Found Plog's Armour Boutique.
 11396 | D:11     | Reached XP level 12. HP: 76/77 MP: 17/28
 11468 | D:11     | Killed NoAnimeNoLife's ghost
 11468 | D:11     | Reached ***** piety under Okawaru
 11468 | D:11     | Reached skill level 2 in Fighting
 11468 | D:11     | Reached skill level 5 in Shields
 11728 | Lair:1   | Entered Level 1 of the Lair of Beasts
 12235 | Lair:1   | Noticed Grum
 12250 | Lair:1   | Killed Grum
 12672 | Lair:2   | Gained mutation: You are surrounded by a mild repulsion field. (EV +2) [potion of mutation]
 12672 | Lair:2   | Gained mutation: Your mind is acute. (Int +2) [potion of mutation]
 12672 | Lair:2   | Gained mutation: Your muscles are strong. (Str +2) [potion of mutation]
 12672 | Lair:2   | Gained mutation: You are partially covered in rugged brown scales. (AC +1, +3% HP) [potion of mutation]
 12755 | Lair:2   | Reached skill level 3 in Fighting
 12766 | Lair:2   | Got an ebony hand crossbow
 12957 | Lair:2   | Learned a level 3 spell: Confuse
 12959 | Lair:2   | Identified the +7 hand crossbow of the Feather {freeze, Str+2 Int+7} (You found it on level 2 of the Lair of Beasts)
 13142 | Lair:2   | Noticed Urug
 13148 | Lair:2   | Killed Urug
 13382 | Lair:3   | Noticed Fascinator's ghost (journeyman CeHu)
 13396 | Lair:3   | Noticed a five-headed hydra
 13397 | Lair:3   | Noticed Fannar
 13625 | Lair:3   | Noticed a seven-headed hydra
 13646 | Lair:3   | Received a gift from Okawaru
 13646 | Lair:3   | Reached skill level 1 in Hexes
 13696 | Lair:3   | Reached skill level 4 in Fighting
 13764 | Lair:3   | Killed Fannar
 14169 | Lair:3   | Killed a seven-headed hydra
 14198 | Lair:3   | Reached XP level 13. HP: 92/92 MP: 23/29
 14279 | Lair:3   | Killed a five-headed hydra
 14279 | Lair:3   | Received a gift from Okawaru
 14279 | Lair:3   | Reached skill level 5 in Fighting
 14282 | Lair:3   | Got a spiked chain mail {god gift}
 14310 | Lair:3   | Noticed Kirk's ghost (journeyman FoEE)
 14373 | Lair:2   | Identified the +3 chain mail of the Vacuum {*Slow rN+ Int+4 Dex+4} (Okawaru gifted it to you on level 3 of the Lair of Beasts)
 14523 | Lair:4   | Found an opulent altar of Gozag.
 14581 | Lair:4   | Reached skill level 10 in Axes
 14657 | Lair:4   | Reached skill level 6 in Fighting
 14793 | Lair:4   | Found a hole to the Spider Nest.
 14891 | Lair:4   | Found a staircase to the Shoals.
 15333 | Lair:5   | Reached skill level 7 in Fighting
 15395 | Lair:5   | Reached ****** piety under Okawaru
 15404 | Lair:5   | Noticed hrogart's ghost (journeyman MiBe)
 15464 | Lair:5   | Found a frozen archway.
 15675 | IceCv    | Entered an ice cave
 16532 | IceCv    | Noticed a frost giant
 16929 | IceCv    | Killed a frost giant
 16929 | IceCv    | Received a gift from Okawaru
 16929 | IceCv    | Reached XP level 14. HP: 61/107 MP: 30/30
 16932 | IceCv    | Got a pitted halberd {vamp}
 16942 | IceCv    | Identified the +6 halberd "Vochuun" {vamp, rC- Str+7 SInv} (You took it off a frost giant in an ice cave)
 17839 | Lair:5   | Reached skill level 1 in Invocations
 18052 | Lair:6   | Entered Level 6 of the Lair of Beasts
 18967 | Lair:6   | Found a staircase to the Slime Pits.
 19150 | Lair:6   | Received a gift from Okawaru
 19150 | Lair:6   | Reached skill level 5 in Invocations
 19551 | Lair:6   | Noticed a dire elephant
 20150 | Lair:6   | Killed a dire elephant
 20150 | Lair:6   | Received a gift from Okawaru
 20454 | Lair:6   | Reached skill level 1 in Armour
 20618 | Lair:3   | Killed Fascinator's ghost
 20889 | Lair:1   | Learned a level 3 spell: Lesser Beckoning
 20893 | Lair:1   | Learned a level 3 spell: Ozocubu's Armour
 20952 | Orc:1    | Entered Level 1 of the Orcish Mines
 21384 | Orc:1    | Found Fepn's General Store.
 21402 | Orc:1    | Bought a potion of might for 56 gold pieces
 21413 | Orc:1    | Found a roughly hewn altar of Beogh.
 21680 | Orc:2    | Entered Level 2 of the Orcish Mines
 21708 | Orc:1    | Reached XP level 15. HP: 56/113 MP: 31/31
 21959 | Orc:2    | Reached skill level 1 in Translocations
 21963 | Orc:2    | Found Ditukeci's Antique Armour Boutique.
 21989 | Orc:2    | Found Ibyoripn's Antique Weapon Shop.
 22016 | Orc:1    | Reached skill level 5 in Armour
 22046 | Orc:2    | Found Xumily's Jewellery Boutique.
 22046 | Orc:2    | Found a staircase to the Elven Halls.
 22066 | Orc:2    | Noticed an orc warlord
 22849 | D:11     | Received a gift from Okawaru
 23012 | D:11     | Noticed a stone giant
 23012 | D:11     | Noticed a frost giant
 23013 | D:11     | Found the +3 Elemental Staff {rElec rF++ rC++ MR++ AC+5}
 23245 | D:12     | Learned a level 4 spell: Passage of Golubria
 23680 | D:12     | Found Hitz's General Store.
 24132 | D:12     | Reached skill level 15 in Axes
 25361 | D:13     | Received a gift from Okawaru
 25362 | D:13     | Got a spiked shield {god gift}
 25382 | D:13     | Identified the +0 shield of the Lizard {Dex+5} (Okawaru gifted it to you on level 13 of the Dungeon)
 26484 | Orc:2    | Found Evel's General Store.
 26737 | Orc:2    | Reached XP level 16. HP: 119/119 MP: 21/32
 27216 | Orc:2    | Reached skill level 5 in Hexes
 27426 | Orc:2    | Bought a glowing cloak for 247 gold pieces
 27467 | Orc:2    | Bought the amulet "Utumunun" {RegenMP MR+ Int+3} for 489 gold pieces
 27732 | D:11     | Killed a frost giant
 27878 | D:13     | Reached skill level 8 in Fighting
 28166 | D:13     | Found a gate to the Vaults.
 28306 | D:13     | HP: 2/121 [red ugly thing (16)]
 28614 | D:11     | Bought the +2 ring mail of Buotrij {rElec rF+} for 490 gold pieces
 28768 | D:14     | Received a gift from Okawaru
 28769 | D:14     | Got a bone battleaxe {god gift}
 28772 | D:14     | Identified the +10 battleaxe of Seurphida {vamp, rF+ Int+2 Dex+2} (Okawaru gifted it to you on level 14 of the Dungeon)
 28814 | D:14     | Found Iruar's Assorted Antiques.
 28890 | D:14     | Found Ismymp's Antique Armour Boutique.
 28999 | D:14     | Reached skill level 9 in Fighting
 29212 | D:14     | Found Lacuocol's Food Boutique.
 29463 | D:14     | Learned a level 1 spell: Apportation
 29498 | D:15     | Entered Level 15 of the Dungeon
 29579 | D:15     | Reached skill level 10 in Fighting
 29924 | D:15     | Received a gift from Okawaru
 29925 | D:15     | Got a pair of faintly glowing gloves {god gift}
 29936 | D:15     | Identified the +0 pair of gloves of Disappointment {rF+} (Okawaru gifted it to you on level 15 of the Dungeon)
 30018 | D:15     | Reached skill level 11 in Fighting
 30270 | D:15     | Found a staircase to the Depths.
 30590 | Elf:1    | Entered Level 1 of the Elven Halls
 30750 | Elf:1    | Found Xegix's Food Boutique.
 30845 | Elf:1    | Reached XP level 17. HP: 134/134 MP: 33/33
 31461 | Elf:1    | Reached skill level 12 in Fighting
 31788 | Elf:1    | Identified the Catalogue of Attacks
 32390 | Elf:2    | Cast into level 2 of the Abyss (a deep elf sorcerer)
 32407 | Abyss:2  | Found a corrupted altar of Lugonu.
 32540 | Abyss:2  | Got a dazzling chain mail
 32541 | Abyss:2  | Identified the +6 chain mail of Jionk {Regen+} (You found it on level 2 of the Abyss)
 32555 | Abyss:2  | Noticed a tentacled starspawn
 32574 | Abyss:2  | Killed a tentacled starspawn
 32597 | Abyss:2  | Noticed a tentacled starspawn
 32608 | Abyss:2  | Killed a tentacled starspawn
 32608 | Abyss:2  | Received a gift from Okawaru
 32668 | Abyss:2  | Noticed a tentacled starspawn
 32682 | Abyss:2  | Killed a tentacled starspawn
 32684 | Elf:2    | Escaped the Abyss
 32690 | Elf:2    | Reached skill level 13 in Fighting
 33002 | Elf:2    | Received a gift from Okawaru
 33011 | Elf:2    | Got a pair of faintly humming boots {god gift}
 33025 | Elf:2    | Identified the +0 pair of boots of Light {*Drain rElec rF+ Str+3} (Okawaru gifted it to you on level 2 of the Elven Halls)
 33183 | Elf:2    | Found a runed gate.
 33185 | Elf:2    | Found a runed gate.
 33185 | Elf:2    | Found a runed gate.
 33326 | Elf:2    | Reached XP level 18. HP: 147/147 MP: 34/34
 33535 | Elf:3    | Entered Level 3 of the Elven Halls
 33552 | Elf:3    | Found Jicrewki's Book Emporium.
 33654 | Elf:3    | Found a deep blue altar of Sif Muna.
 34319 | Elf:3    | Noticed a deep elf blademaster
 34347 | Elf:3    | Killed a deep elf blademaster
 34376 | Elf:3    | Reached skill level 10 in Armour
 34521 | Elf:3    | Noticed a Tzitzimitl
 34547 | Elf:3    | Noticed a deep elf blademaster
 34571 | Elf:3    | Killed a deep elf blademaster
 34577 | Elf:3    | Got a faintly humming chain mail
 34639 | Elf:3    | Received a gift from Okawaru
 34649 | Elf:3    | Noticed a Hell Sentinel
 34661 | Elf:3    | Noticed an Executioner
 34681 | Elf:3    | Noticed a deep elf master archer
 34709 | Elf:3    | Killed a deep elf master archer
 34714 | Elf:3    | Killed a ghostly deep elf master archer
 34851 | Elf:3    | Identified the +1 chain mail of Loss {rF+ rN+ Int+3 SInv} (You took it off a deep elf blademaster on level 3 of the Elven Halls)
 34878 | Elf:3    | Got a slimy steel ring
 35077 | Elf:3    | Reached skill level 14 in Fighting
 35080 | Elf:3    | Identified the ring of Altruism {rF+ MR+ Int+5 Slay+3} (You took it off a deep elf demonologist on level 3 of the Elven Halls)
 35243 | Elf:3    | Noticed a deep elf master archer
 35248 | Elf:3    | Killed a deep elf master archer
 35278 | Elf:3    | Received a gift from Okawaru
 35311 | Elf:3    | Reached XP level 19. HP: 152/156 MP: 35/35
 35354 | Elf:3    | Identified the Volume of Intoxication and Evil Rites
 35400 | Elf:3    | Identified Further Steps in Wizardry
 35740 | Lair:3   | Killed Kirk's ghost
 35800 | Shoals:1 | Entered Level 1 of the Shoals
 36463 | Shoals:2 | Identified Sif Muna's Reference Book on Fiery Enchantment
 36472 | Shoals:2 | Got a fine chain mail
 36500 | Shoals:1 | Identified the +0 chain mail "Cuvep" {Dex+8} (You found it on level 2 of the Shoals)
 36921 | Shoals:3 | Noticed Polyphemus
 36935 | Shoals:3 | Killed Polyphemus
 36966 | Shoals:3 | Received a gift from Okawaru
 37297 | Shoals:3 | Reached skill level 15 in Fighting
 37565 | Shoals:3 | Reached skill level 1 in Charms
 37883 | Shoals:4 | Entered Level 4 of the Shoals
 37883 | Shoals:4 | Noticed Bai Suzhen
 37948 | Shoals:4 | Received a gift from Okawaru
 38034 | Shoals:4 | Noticed Ilsuiw
 38082 | Spider:1 | Entered Level 1 of the Spider Nest
 38125 | Spider:1 | Received a gift from Okawaru
 38250 | Spider:1 | Got a faintly glowing war axe {god gift}
 38371 | Spider:1 | Reached XP level 20. HP: 166/166 MP: 37/37
 38635 | Spider:1 | Received a gift from Okawaru
 39240 | Spider:2 | Noticed Azrael
 39252 | Spider:2 | Killed Azrael
 39664 | Spider:3 | Reached skill level 5 in Translocations
 39768 | Spider:3 | Noticed Jorgrun
 39791 | Spider:3 | Killed Jorgrun
 39831 | Spider:3 | Reached skill level 5 in Charms
 39911 | Spider:3 | Received a gift from Okawaru
 39912 | Spider:3 | Got a pair of shimmering gloves {god gift}
 40367 | Spider:3 | Identified the +2 pair of gloves of Pan-Flutes {MR+} (Okawaru gifted it to you on level 3 of the Spider Nest)
 40368 | Spider:4 | Entered Level 4 of the Spider Nest
 40649 | Spider:4 | Learned a level 3 spell: Regeneration
 40716 | Spider:4 | Reached skill level 1 in Necromancy
 41541 | Spider:4 | Got a gossamer rune of Zot
 41964 | Vaults:1 | Entered Level 1 of the Vaults
 42026 | Vaults:1 | Reached XP level 21. HP: 141/174 MP: 39/39
 42165 | Vaults:1 | Reached skill level 10 in Shields
 42286 | Vaults:1 | Noticed Donald
 42286 | Vaults:1 | Received a gift from Okawaru
 42303 | Vaults:1 | Killed Donald
 42500 | Vaults:1 | Reached skill level 16 in Fighting
 42524 | Vaults:1 | Identified the +1 war axe "Geulie Geja" {freeze, Dex+3} (Okawaru gifted it to you on level 1 of the Spider Nest)
 43498 | Vaults:2 | Noticed Boris
 43519 | Vaults:2 | Killed Boris
 43519 | Vaults:2 | Received a gift from Okawaru
 43687 | Vaults:2 | Reached skill level 17 in Fighting
 43918 | Vaults:2 | Received a gift from Okawaru
 43929 | Vaults:2 | Got a jewelled crystal plate armour {god gift}
 44111 | Vaults:2 | Reached XP level 22. HP: 172/187 MP: 40/40
 44116 | Vaults:2 | Noticed a bone dragon
 44131 | Vaults:2 | Killed a bone dragon
 44172 | Vaults:2 | Found a staircase to the Crypt.
 44297 | Vaults:2 | Identified the +8 crystal plate armour "Fiaby" {Str+4} (Okawaru gifted it to you on level 2 of the Vaults)
 44891 | Vaults:3 | Noticed Saint Roka
 44895 | Vaults:3 | Reached skill level 18 in Fighting
 44920 | Vaults:3 | Killed Saint Roka
 45005 | Vaults:3 | Received a gift from Okawaru
 45022 | Vaults:3 | Got a crude plate armour {god gift}
 45204 | Vaults:3 | Found Bajan's Magic Scroll Emporium.
 45211 | Vaults:3 | Bought a scroll of acquirement for 572 gold pieces
 45212 | Vaults:3 | Got a polished plate armour
 45322 | Vaults:3 | Identified the +3 plate armour of the Thoughtful Coins {-Tele rCorr Int-3 Dex+7} (Okawaru gifted it to you on level 3 of the Vaults)
 45332 | Vaults:3 | Identified the +3 plate armour of Recklessness {*Contam rC+ Str+6} (You acquired it on level 3 of the Vaults)
 45514 | Vaults:3 | Identified Atyaruse's Almanac of Cloudy Conjuration
 46089 | Vaults:4 | Reached skill level 19 in Fighting
 46211 | Vaults:4 | Reached XP level 23. HP: 165/199 MP: 29/41
 46359 | Vaults:4 | Received a gift from Okawaru
 46662 | Vaults:4 | Found Revufoz's General Store.
 47420 | Shoals:2 | Reached skill level 15 in Shields
 47571 | Shoals:4 | Noticed Roxanne
 47653 | Shoals:4 | Reached skill level 20 in Fighting
 47833 | Shoals:4 | Killed Ilsuiw
 48141 | Shoals:4 | Received a gift from Okawaru
 48250 | Shoals:4 | Got a barnacled rune of Zot
 48340 | Shoals:4 | Killed Bai Suzhen
 48944 | Depths:1 | Entered Level 1 of the Depths
 48963 | Depths:1 | Reached skill level 15 in Armour
 49033 | Depths:1 | Found a gateway to Hell.
 49177 | Depths:1 | Found a runed door.
 49316 | Depths:1 | Reached XP level 24. HP: 182/210 MP: 41/41
 49800 | Depths:1 | Found a roughly hewn altar of Beogh.
 49979 | Depths:2 | Received a gift from Okawaru
 49982 | Depths:2 | Got distressingly furry shadow dragon scales {god gift}
 49988 | Depths:2 | Identified the +4 shadow dragon scales of the Aged Stars {rC+ Stlth++++} (Okawaru gifted it to you on level 2 of the Depths)
 50031 | Depths:2 | Found a one-way gate to the infinite horrors of the Abyss.
 50075 | Depths:2 | Noticed Nikola
 50093 | Depths:2 | Killed Nikola
 50274 | Depths:2 | Reached skill level 10 in Invocations
 50878 | Depths:2 | Found a runed door.
 50974 | Depths:2 | Noticed an ancient lich
 51005 | Depths:2 | Killed an ancient lich
 51389 | Depths:3 | Got a steaming iron ring
 51390 | Depths:3 | Identified the ring of Pragmatism {rC+ EV+6} (You acquired it on level 3 of the Depths)
 51519 | Depths:3 | Reached XP level 25. HP: 209/216 MP: 31/41
 51572 | Depths:3 | Received a gift from Okawaru
 51577 | Depths:3 | Identified the +2 ring mail "Cuthutejo" {+Blink rC+ Regen+ Dex+4} (Okawaru gifted it to you on level 3 of the Depths)
 51952 | Depths:3 | Found a one-way gate leading to the halls of Pandemonium.
 52720 | Depths:4 | Reached skill level 21 in Fighting
 52878 | Depths:4 | Received a gift from Okawaru
 53010 | Depths:4 | Reached XP level 26. HP: 223/227 MP: 41/41
 53011 | Depths:4 | Received a gift from Okawaru
 53379 | Depths:4 | Reached skill level 22 in Fighting
 54102 | Depths:4 | Learned a level 2 spell: Song of Slaying
 54103 | Depths:5 | Entered Level 5 of the Depths
 54228 | Depths:5 | Found a magical portal.
 54233 | WizLab   | Entered Cigotuvi's Fleshworks
 54486 | WizLab   | Got a shimmering pewter ring
 54501 | WizLab   | Identified the ring "Mowko" {Ice rN+ Str+4 Int-3 Slay+2} (You found it in a wizard's laboratory)
 54530 | WizLab   | Received a gift from Okawaru
 54751 | WizLab   | Identified Dixe's Incunabulum of Shape Shifting
 54754 | WizLab   | Identified Cigotuvi's Tome of Transmutation and Necromancy
 54988 | Depths:5 | Found a gateway to a ziggurat.
 55203 | Depths:5 | Reached skill level 23 in Fighting
 55283 | Depths:5 | Found a shimmering altar of Xom.
 55371 | Depths:5 | Found an ornate altar of the Wu Jian Council.
 55509 | Depths:5 | Found a gate to the Realm of Zot.
 55530 | Depths:5 | Reached XP level 27. HP: 211/242 MP: 41/41
 56217 | Crypt:1  | Entered Level 1 of the Crypt
 56331 | Crypt:1  | Received a gift from Okawaru
 57151 | Crypt:2  | Noticed Kirk's ghost (veteran GnWn)
 57196 | Crypt:2  | Killed Kirk's ghost
 57647 | Crypt:2  | Found an ancient bone altar of Kikubaaqudgha.
 57865 | Crypt:3  | Entered Level 3 of the Crypt
 57875 | Crypt:3  | Got a faintly humming chain mail
 57877 | Crypt:3  | Identified the +0 chain mail of Impermeability {Str+3 Int+4 Stlth+} (You acquired it on level 3 of the Crypt)
 58164 | Crypt:3  | Reached skill level 24 in Fighting
 58260 | Crypt:3  | Noticed Frederick
 58271 | Crypt:3  | Killed Frederick
 58332 | Crypt:3  | Got an ancient zirconium amulet
 58333 | Crypt:3  | Identified the amulet "Juat" {Reflect -Tele MR+ Str+5 SH+3} (You found it on level 3 of the Crypt)
 58454 | Crypt:3  | Got a scintillating tin amulet
 58454 | Crypt:3  | Got a twitching bone amulet
 58456 | Crypt:3  | Identified the amulet of Secrets {Regen+ Str-3 Int+5} (You found it on level 3 of the Crypt)
 58457 | Crypt:3  | Identified the amulet "Vomaines" {rN+ MR- Regen+ Slay+3} (You found it on level 3 of the Crypt)
 58460 | Crypt:3  | Got a scintillating golden ring
 58461 | Crypt:3  | Identified the ring of Tats {rN+ Int-2 Dex+5} (You found it on level 3 of the Crypt)
 58753 | Crypt:3  | Received a gift from Okawaru
 58883 | Crypt:3  | Got a transparent golden ring
 58909 | Crypt:3  | Found a staircase to the Tomb.
 58909 | Crypt:3  | Noticed an ancient lich
 58919 | Crypt:3  | Killed an ancient lich
 58925 | Crypt:3  | Identified the Handbook of Shifting Poisoning
 59169 | Crypt:3  | Found an ancient bone altar of Kikubaaqudgha.
 59171 | Crypt:3  | Noticed an ancient lich
 59186 | Crypt:3  | Killed an ancient lich
 59214 | Crypt:3  | Found the +8 demon blade "Leech" {vamp, rN+ AC-3 EV-3}
 59232 | Crypt:3  | Noticed an ancient lich
 59243 | Crypt:3  | Killed an ancient lich
 59656 | Vaults:3 | Bought a scroll of enchant armour for 82 gold pieces
 59656 | Vaults:3 | Bought a scroll of identify for 22 gold pieces
 59660 | Vaults:3 | Identified the ring of Soaxkic {Ice MR+ Dex+4} (You found it on level 3 of the Crypt)
 59700 | Vaults:4 | Bought a scroll of identify for 32 gold pieces
 59700 | Vaults:4 | Bought a scroll of identify for 32 gold pieces
 60022 | Zig:1    | Entered Level 1 of a ziggurat
 60051 | Zig:2    | Entered Level 2 of a ziggurat
 60054 | Zig:2    | Gained mutation: Your spells are a little easier to cast, but a little less powerful. [a shining eye]
 60075 | Zig:3    | Entered Level 3 of a ziggurat
 60115 | Zig:4    | Entered Level 4 of a ziggurat
 60119 | Zig:4    | Gained mutation: Scrolls take you a little longer to read. [a shining eye]
 60186 | Zig:5    | Entered Level 5 of a ziggurat
 60192 | Zig:5    | Noticed an ancient lich
 60205 | Zig:5    | Killed an ancient lich
 60241 | Zig:6    | Entered Level 6 of a ziggurat
 60268 | Zig:6    | Reached skill level 25 in Fighting
 60412 | Zig:7    | Entered Level 7 of a ziggurat
 60433 | Zig:7    | Received a gift from Okawaru
 60509 | Zig:8    | Entered Level 8 of a ziggurat
 60572 | Zig:9    | Entered Level 9 of a ziggurat
 60632 | Zig:9    | Identified the Disquisition on Bewitching Summoning
 60762 | Zig:10   | Entered Level 10 of a ziggurat
 60827 | Zig:10   | Found the +3 robe of Clouds {+Fly rElec}
 60920 | Zig:10   | Reached skill level 10 in Charms
 60937 | Zig:10   | Got a flickering graven amulet
 60940 | Zig:10   | Identified the amulet "Vaitev" {Harm *Drain rPois rN+} (You acquired it on level 10 of a ziggurat)
 60946 | Zig:11   | Entered Level 11 of a ziggurat
 61016 | Zig:11   | Got a crude turquoise ring
 61025 | Zig:11   | Identified the ring "Souwkaig" {rPois rF+ rC+ Str-3 Dex+5} (You found it on level 11 of a ziggurat)
 61027 | Zig:11   | Got a twitching garnet amulet
 61030 | Zig:11   | Identified the amulet of the Solstice {Faith rC- rN+ Str+3 Int+8} (You found it on level 11 of a ziggurat)
 61035 | Zig:12   | Entered Level 12 of a ziggurat
 61040 | Zig:12   | Noticed a greater mummy
 61041 | Zig:12   | Noticed a greater mummy
 61042 | Zig:12   | Noticed a greater mummy
 61049 | Zig:12   | Noticed a greater mummy
 61051 | Zig:12   | Found the +3 sling "Punk" {acid, rCorr}
 61068 | Zig:12   | HP: 6/250 [death scarab (11)]
 61069 | Zig:12   | Killed from afar by a greater mummy

Skill      XL: |  1  2  3  4  5  6  7  8  9 10 11 12 13 14 15 16 17 18 19 20 21 22 23 24 25 26 27 |
---------------+----------------------------------------------------------------------------------+-----
Earth Magic    | 4 5 6 7 8 10 12 13 | 13.1
Spellcasting   | 3 4 5 6 8 11 12 13 14 | 14.2
Axes           | 5 6 9 12 14 16 18 19 20 21 22 24 | 24.4
Shields        | 4 8 9 12 14 15 | 15.0
Fighting       | 1 4 7 11 13 14 15 17 19 20 21 23 25 | 25.6
Hexes          | 3 5 |  5.2
Invocations    | 7 13 | 13.0
Armour         | 4 6 9 10 11 12 13 15 17 | 17.0
Dodging        | 2 |  2.4
Translocations | 3 4 7 |  7.0
Charms         | 2 7 10 | 10.2
Necromancy     | 2 |  2.2
Stealth        | |  2.4
Transmutations | |  1.1

Action                   |  1- 3 |  4- 6 |  7- 9 | 10-12 | 13-15 | 16-18 | 19-21 | 22-24 | 25-27 || total
-------------------------+-------+-------+-------+-------+-------+-------+-------+-------+-------++-------
Melee: Unarmed           |     7 |       |       |       |       |       |       |       |       ||     7
       Short sword       |     5 |    25 |     2 |       |       |       |       |       |       ||    32
       War axe           |       |       |    52 |    63 |       |       |       |       |       ||   115
       Hand axe          |       |       |       |    11 |       |       |       |       |       ||    11
       Battleaxe         |       |       |       |       |   643 |  1114 |  1576 |  1644 |  2175 ||  7152
       Executioner's axe |       |       |       |       |       |    23 |       |       |       ||    23
 Fire: Blowgun           |       |       |       |     2 |     3 |       |       |       |       ||     5
Throw: Javelin           |       |       |     2 |       |       |       |       |       |       ||     2
 Cast: Sandblast         |    34 |    93 |    75 |   186 |    90 |       |       |       |       ||   478
       Stone Arrow       |       |     1 |    47 |   147 |   291 |    27 |     6 |     7 |     3 ||   529
       Lee's Rapid Decon |       |       |     1 |    31 |    58 |     5 |       |     1 |     9 ||   105
       Passwall          |       |       |     1 |       |       |       |       |       |       ||     1
       Petrify           |       |       |       |     2 |     1 |       |       |       |       ||     3
       Confuse           |       |       |       |     1 |    18 |     8 |       |       |       ||    27
       Ozocubu's Armour  |       |       |       |       |     4 |     2 |       |       |       ||     6
       Passage of Golubr |       |       |       |       |       |     2 |       |       |     1 ||     3
       Lesser Beckoning  |       |       |       |       |       |       |     1 |       |       ||     1
       Regeneration      |       |       |       |       |       |       |       |     2 |    10 ||    12
Invok: Heroism           |       |       |       |       |     5 |    10 |     3 |     5 |    11 ||    34
       Finesse           |       |       |       |       |       |     3 |       |     3 |     4 ||    10
 Abil: Dig               |       |       |     2 |       |       |     7 |       |       |       ||     9
Evoke: Wand              |       |       |     6 |    19 |     4 |     2 |       |       |     1 ||    32
  Use: Potion            |       |     5 |     2 |     3 |    10 |     9 |     2 |     9 |    11 ||    51
       Scroll            |       |     8 |     5 |    14 |     5 |    12 |     6 |    17 |    22 ||    89
 Stab: Sleeping          |       |       |       |     4 |     4 |       |       |       |       ||     8
       Distracted        |       |       |       |       |     3 |     1 |       |     1 |     3 ||     8
       Confused          |       |       |       |       |    10 |     9 |       |       |       ||    19
       Paralysed         |       |       |       |       |       |     3 |       |       |       ||     3
       Petrified         |       |       |       |       |       |       |     3 |       |       ||     3
  Eat: Chunk             |     1 |     6 |     9 |    30 |    32 |    13 |    23 |    17 |    14 ||   145
       Ration            |       |       |     1 |       |     4 |     6 |     2 |     3 |     6 ||    22
Armor: Robe              |     8 |    21 |    27 |    66 |   137 |    15 |       |       |       ||   274
       Ring mail         |       |       |       |       |       |   142 |       |       |       ||   142
       Chain mail        |       |       |       |       |       |   108 |   624 |   406 |   616 ||  1754
Dodge: Dodged            |    17 |    54 |    64 |   136 |   314 |   284 |   449 |   294 |   689 ||  2301
Block: Shield            |       |       |       |       |   481 |   574 |  1071 |   330 |       ||  2456
       Large shield      |       |       |       |       |       |       |       |  1027 |  2323 ||  3350
       Reflection        |       |       |       |       |       |       |       |       |     6 ||     6
